 Dungeon Crawl Stone Soup version 0.27-a0-1105-g946c659c87 (webtiles) character file.

Game seed: 6616268517926564132

1166 jestyr24 the Magician (level 8, -4/54 HPs)
             Began as a Djinni Fire Elementalist on Apr 30, 2021.
             Was a Follower of Elyvilon.
             Slain by a wight
             ... wielding a +0 halberd
              (12 damage)
             ... on level 6 of the Dungeon.
             The game lasted 00:23:08 (6365 turns).

jestyr24 the Magician (Djinni Fire Elementalist)    Turns: 6365, Time: 00:23:09

Health: -4/54      AC:  2    Str:  7    XL:     8   Next: 40%
Gold:   216        EV: 13    Int: 18    God:    Elyvilon [*.....] SH:  6 Dex: 15

rFire    + + .     SeeInvis .   l - +3 whip
rCold    x . .     Faith    .   d - +1 buckler
rNeg     . . .     Spirit   .   a - +0 robe
rPois    ∞         Reflect  .   (no helmet)
rElec    .         Harm     .   (no cloak)
rCorr    .         Rampage  .   (no gloves)
Will     .....                  (boots unavailable)
Stlth    ++........             (no amulet)
HPRegen  0.18/turn              (no ring)
MPRegen  0.00/turn              (no ring)

@: flying
A: fire resistance 2, cold vulnerability 1, float, innate caster, hp casting,
extra vitality 1
a: Renounce Religion, Lesser Healing, Divine Protection


You were on level 6 of the Dungeon.
You worshipped Elyvilon.
Elyvilon was aware of your devotion.
You visited 1 branch of the dungeon, and saw 6 of its levels.

You collected 216 gold pieces.

Inventory:

Hand Weapons
 b - a +0 dagger
 l - a +3 whip (weapon)
 x - the +5 quarterstaff of Debt {freeze, Fragile rN+++ Dex+3}
   (You found it on level 5 of the Dungeon)

   It has been specially enchanted to freeze those struck by it, causing extra
   injury to most foes and up to half again as much damage against particularly
   susceptible opponents.
   It can also slow down cold-blooded creatures.
   It affects your dexterity (+3).
   It renders you almost immune to negative energy.
   It will be destroyed if unequipped.
Missiles
 h - 37 poisoned darts
 j - 147 stones
Armour
 a - a +0 robe (worn)
 d - a +1 buckler (worn)
Wands
 t - a wand of polymorph (11)
Scrolls
 f - 3 scrolls of teleportation
 k - 3 scrolls of identify {unknown}
 p - a scroll of noise {unknown}
 r - 2 scrolls of immolation {unknown}
 s - a scroll of silence {unknown}
 w - a scroll of enchant armour
 y - a scroll of fog {unknown}
Potions
 c - a potion of brilliance {unknown}
 e - 3 potions of berserk rage {unknown}
 g - a potion of degeneration {unknown}
 i - 2 potions of attraction {unknown}
 m - a potion of heal wounds {unknown}
 n - a potion of invisibility {unknown}
 o - a potion of curing {unknown}
 q - a potion of might {unknown}
 u - a potion of mutation {unknown}
 v - a potion of ambrosia {unknown}
 z - a potion of lignification {unknown}


   Skills:
 + Level 1.9 Fighting
 - Level 0.3 Short Blades
 + Level 4.0 Dodging
 + Level 2.9 Stealth
 - Level 4.0 Shields
 + Level 6.6 Spellcasting


You couldn't memorise any spells.
You knew the following spells:

 Your Spells              Type           Power      Damage    Failure   Level
a - Foxfire               Conj/Fire      100%       2x1d9     1%          1
b - Conjure Flame         Conj/Fire      30%        6-21      2%          3
c - Inner Flame           Hex/Fire       30%        N/A       2%          3
d - Sticky Flame          Conj/Fire      30%        2d5       7%          4
e - Fireball              Conj/Fire      15%        3d8       21%         5
f - Sandblast             Erth           60%        2d14      1%          1
g - Call Imp              Summ           30%        N/A       1%          2
h - Passwall              Tmut/Erth      25%        N/A       1%          2
Your spell library was empty.

Dungeon Overview and Level Annotations

Branches:
Dungeon (6/15)
 Temple: D:4-7

Altars:
Elyvilon

Shops:
D:5 *


Innate Abilities, Weirdness & Mutations

You are immune to poison.
Your flesh is very heat resistant. (rF++)
You are vulnerable to cold. (rC-)
You float through the air rather than walking.
You learn spells naturally, not from books.
Your magical power is your life essence.
You have superior vitality. (+4 HP)


Message History

The foxfire hits the wight but does no damage.
The wight is lightly damaged.
The wight is engulfed in blazing flames.
The wight explodes!
The fiery explosion engulfs the wight.
The wight is moderately damaged.
Casting: Foxfire (safe; 1% risk of failure)
Confirm with . or Enter, or press ? or * to list all spells.
You conjure some foxfire!
The wight is engulfed in blazing flames.
The foxfire hits the wight.
The wight is heavily damaged.
The foxfire hits the wight.
The wight is heavily damaged.
Casting: Foxfire (safe; 1% risk of failure)
Confirm with . or Enter, or press ? or * to list all spells.
You conjure some foxfire!
The wight hits you from afar with a +0 halberd!!
The foxfire hits the wight.
The wight is severely damaged.
The foxfire hits the wight.
The wight is almost destroyed.
Casting: Foxfire (safe; 1% risk of failure)
Confirm with . or Enter, or press ? or * to list all spells.
You conjure some foxfire!
An adder comes into view.
The wight hits you with a +1 long sword!
The wight hits you from afar with a +0 halberd!
* * * LOW HITPOINT WARNING * * *
The foxfire hits the wight but does no damage.
The wight is almost destroyed.
The foxfire hits the wight.
You destroy the wight!
Your Dodging skill increases to level 4!
Casting: Foxfire (safe; 1% risk of failure)
Confirm with . or Enter, or press ? or * to list all spells.
You conjure some foxfire!
* * * LOW HITPOINT WARNING * * *
The wight hits you from afar with a +0 halberd!
You die...

..........#....#
..........#....#
..........'....#
..........#....#
..........#....#
..........#....#
..........########
########.............
.......#...@v........
.......'....v........
>......#...z.........
####...#.............
#...#.............
#####.............
.§§....#####...
..§S##'### .. ......
...


You could see a wight (ally target) and an adder.

Vanquished Creatures
  Grinder (D:5)
  A black bear (D:4)
  2 necrophages
  An ogre (D:4)
  A water moccasin zombie (D:6)
  A water moccasin skeleton (D:5)
  2 wights (D:6)
  A bullfrog zombie (D:5)
  A centaur skeleton (D:5)
  2 bullfrog skeletons (D:5)
  3 iguanas
  Jessica (D:3)
  A killer bee zombie (D:5)
  A hound zombie (D:5)
  2 hound skeletons
  5 adders
  An ufetubus (D:5)
  An adder skeleton (D:4)
  A worm (D:4)
  A dart slug (D:3)
  8 orcs
  6 ball pythons
  8 bats
  4 endoplasms
  4 giant cockroaches
  4 goblins
  10 hobgoblins
  13 jackals
  10 kobolds
  4 quokkas
  8 frilled lizards
  A jackal skeleton (D:4)
  8 rats
118 creatures vanquished.

Vanquished Creatures (others)
  370 foxfires
370 creatures vanquished.

Grand Total: 488 creatures vanquished

Notes
Turn   | Place    | Note
-------+----------+-------------------------------------------
     0 | D:1      | jestyr24 the Djinni Fire Elementalist began the quest for
                  | the Orb.
     0 | D:1      | Reached XP level 1. HP: 15/15 MP: 0/0
   179 | D:1      | Reached skill level 3 in Spellcasting
   179 | D:1      | Reached XP level 2. HP: 12/21 MP: 0/0
   908 | D:1      | Reached XP level 3. HP: 25/25 MP: 0/0
   908 | D:1      | Learned a level 1 spell: Sandblast
  1786 | D:2      | Found a faded altar of an unknown god.
  1934 | D:2      | Reached skill level 1 in Shields
  2024 | D:2      | Reached XP level 4. HP: 30/31 MP: 0/0
  2959 | D:3      | Noticed Jessica
  2969 | D:3      | Killed Jessica
  2970 | D:3      | Reached skill level 4 in Spellcasting
  2970 | D:3      | Reached XP level 5. HP: 27/36 MP: 0/0
  2970 | D:3      | Learned a level 2 spell: Call Imp
  3885 | D:4      | Reached skill level 1 in Fighting
  3956 | D:4      | Noticed a black bear
  3961 | D:4      | Killed a black bear
  3962 | D:4      | Reached XP level 6. HP: 35/42 MP: 0/0
  4656 | D:5      | Entered Level 5 of the Dungeon
  4785 | D:5      | Noticed Grinder
  4793 | D:5      | Reached skill level 5 in Spellcasting
  4798 | D:5      | Killed Grinder
  4799 | D:5      | Reached XP level 7. HP: 22/47 MP: 0/0
  4799 | D:5      | Learned a level 2 spell: Passwall
  5163 | D:5      | Found a white marble altar of Elyvilon.
  5320 | D:5      | Became a worshipper of Elyvilon the Healer
  5359 | D:5      | Reached skill level 6 in Spellcasting
  5525 | D:5      | Reached XP level 8. HP: 47/53 MP: 0/0
  5753 | D:5      | Found Olifeg's General Store.
  5844 | D:5      | Identified the +5 quarterstaff of Debt {freeze, Fragile
                  | rN+++ Dex+3}
  6169 | D:6      | Reached * piety under Elyvilon
  6365 | D:6      | Slain by a wight

Illustrated notes

Levels and vault maps discovered:
D:1:      minmay_arrival_radiant_lines, layout_loops_corners, patterned_corridor
D:2:      layout_rooms, shapermc_ecumenical_altar_starsandcircs,
          minmay_misc_feat_secret_circle
D:3:      layout_basic, kennysheep_jessica_study
D:4:      layout_basic, kennysheep_minor_cross, chequers_serial_rivers_room_a,
          kennysheep_path_1, columned_hall_lemuel
D:5:      layout_basic, nicolae_elyvilon_temple_path, serial_shops, shop,
          uniq_grinder
D:6:      layout_gridville, lemuel_round_altar

Skill      XL: |  1  2  3  4  5  6  7  8 |
---------------+-------------------------+-----
Spellcasting   | 3 4 5 6 |  6.6
Shields        | 1 2 3 4 |  4.0
Stealth        | 2 |  2.9
Fighting       | 1 |  1.9
Dodging        | 3 4 |  4.0
Short Blades   | |  0.3

Action                   |  1- 3 |  4- 6 |  7- 9 || total
-------------------------+-------+-------+-------++-------
Melee: Dagger            |    28 |    17 |       ||    45
       Unarmed           |     1 |       |       ||     1
       Whip              |       |     8 |    15 ||    23
 Cast: Foxfire           |    64 |   107 |    55 ||   226
       Sandblast         |       |     7 |     2 ||     9
       Call Imp          |       |     1 |       ||     1
       Inner Flame       |       |       |     5 ||     5
       Passwall          |       |       |     1 ||     1
  Use: Scroll            |       |     3 |       ||     3
Armor: Robe              |    15 |     8 |     1 ||    24
Dodge: Dodged            |    23 |    25 |    26 ||    74
Block: Buckler           |     6 |    15 |     7 ||    28

Table legend: (Time is in decaauts)
 A = Elapsed time spent in this place.
 B = Non-inter-level travel time spent in this place.
 C = Inter-level travel time spent in this place.
 D = Time resting spent in this place.
 E = Time spent auto-exploring this place.
 F = Levels seen in this place.
 G = Mean time per level.
                   A        B        C        D        E       F      G
               +--------+--------+--------+--------+--------+-----+--------+
         Total |   6368 |   6245 |    123 |    870 |   4251 |   6 | 1061.3 |
       Dungeon |   6368 |   6245 |    123 |    870 |   4251 |   6 | 1061.3 |
               +--------+--------+--------+--------+--------+-----+--------+

Top non-repeatable levels by time:
     D:1: 1779 daAuts
     D:5: 1484 daAuts
     D:3: 1196 daAuts
     D:4: 959 daAuts
     D:2: 723 daAuts
     D:6: 225 daAuts
